 Dungeon Crawl Stone Soup version 0.21.1-1-g345015fe64 (webtiles) character file.

3210 Gargoyl the Chopper (level 9, -9/74 HPs)
             Began as a Centaur Abyssal Knight on May 11, 2018.
             Was an Elder of Lugonu.
             Mangled by a two-headed ogre
             ... wielding a +0 giant spiked club
              (22 damage)
             ... on level 8 of the Dungeon.
             The game lasted 00:16:17 (8027 turns).

Gargoyl the Chopper (Centaur Abyssal Knight)        Turns: 8027, Time: 00:16:18

Health: -9/74      AC: 13    Str: 16    XL:     9   Next: 65%
Magic:  13/13      EV:  5    Int: 11    God:    Lugonu [****..]
Gold:   454        SH:  4    Dex: 14    Spells: 8/8 levels left

rFire    . . .     SeeInvis .   s - +0 broad axe (venom)
rCold    . . .     Gourm    .   (no shield)
rNeg     . . .     Faith    .   f - +1 chain mail
rPois    .         Spirit   .   (helmet restricted)
rElec    .         Reflect  +   (no cloak)
rCorr    .         Harm     .   e - +0 pair of gloves
MR       .....                  (no barding)
Stlth    ..........             x - +4 amulet of reflection
HPRegen  0.22/turn              m - +3 ring of dexterity
MPRegen  0.13/turn              t - +2 ring of protection

@: very quick
A: large, antennae 1, hooves 3, deformed body, speed 2, tough skin 3
a: Depart the Abyss, Bend Space, Banish, Corrupt, Renounce Religion


You were on level 8 of the Dungeon.
You worshipped Lugonu.
Lugonu was greatly pleased with you.
You were not hungry.

You visited 1 branch of the dungeon, and saw 8 of its levels.
You visited the Abyss 1 time.
You also visited: Sewer.

You collected 454 gold pieces.

Inventory:

Hand Weapons
 a - a +2 hand axe
 s - a +0 broad axe of venom (weapon)
Armour
 e - a +0 pair of gloves (worn)
 f - a +1 chain mail (worn)
 o - a cursed +0 helmet
Jewellery
 m - a +3 ring of dexterity (left hand)
 n - an uncursed ring of flight
 t - a +2 ring of protection (right hand)
 x - a +4 amulet of reflection (around neck)
Wands
 q - a wand of polymorph (19)
Scrolls
 b - a scroll of blinking
 d - 7 scrolls of teleportation
 g - 2 scrolls of identify
 h - 3 scrolls of amnesia
 l - 8 scrolls of remove curse
 y - a scroll of magic mapping
Potions
 i - a potion of invisibility
 k - 3 potions of curing
 p - a potion of resistance
 r - 5 potions of might
 u - a potion of berserk rage {unknown}
 v - 3 potions of flight
 w - 2 potions of degeneration {unknown}
 z - 4 potions of brilliance
 A - 2 potions of heal wounds
 B - a potion of experience {unknown}
Comestibles
 c - 3 rations


   Skills:
 + Level 5.1 Fighting
 + Level 7.6 Axes
 * Level 6.4 Armour
 + Level 2.0 Dodging
 * Level 6.1 Invocations


You had 8 spell levels left.
You didn't know any spells.

Dungeon Overview and Level Annotations

Branches:
Dungeon (8/15)             Temple (0/1) D:6
   Lair: D:8-11

Altars:
Cheibriados
Elyvilon
Fedhas
Kikubaaqudgha
Ru
Vehumet
Xom

Shops:
D:7 (

Annotations:
D:5 Kejsarherre's ghost, novice FoHu


Innate Abilities, Weirdness & Mutations

You have hooves in place of feet.
Armour fits poorly on your strangely shaped body.
You cover ground very quickly.
You have extremely tough skin. (AC +3)
You have a pair of small antennae on your head.


Message History

There is a stone staircase leading down here.
The centaur skeleton hits you but does no damage.
The two-headed ogre looks more healthy.
Things that are here:
26 stones; a worker ant corpse
Okay, then.
The centaur skeleton hits you.
You slash the centaur skeleton!
You destroy the centaur skeleton!
Lugonu accepts your kill.
The two-headed ogre hits you with a giant spiked club!
* * * LOW HITPOINT WARNING * * *
The two-headed ogre hits you with a giant club.
* * * LOW HITPOINT WARNING * * *
Unknown command.
You hit the two-headed ogre.
The two-headed ogre is poisoned.
The two-headed ogre is almost dead.
You block the two-headed ogre's attack.
The two-headed ogre hits you with a giant club!!
You die...

#........5.#
#..........#
#..........#
#..........############
#..........'...........
#..........############
#........(.# #<....
#...>.O5...# #####.
#.....@....# #.
#..........# #.
#..........# #.
#.)........# #.
#..........# #.
############ ##


You could see a two-headed ogre and a crimson imp.

Vanquished Creatures
  Sigmund (D:3)
  A hungry ghost (D:7)
  A water moccasin (D:5)
  2 orc warriors (D:6)
  2 sky beasts
  An ice beast (D:7)
  3 ogres
  A big kobold (Sewer)
  Blork the orc (D:4)
  A bullfrog (D:4)
  A water moccasin zombie (D:8)
  3 scorpions
  4 crimson imps
  A bullfrog zombie (D:7)
  An orc priest (D:6)
  3 hounds
  2 jellies
  7 orc wizards
  A centaur skeleton (D:8)
  6 worker ants
  An iguana (D:7)
  3 hound skeletons
  9 adders
  6 gnolls
  2 howler monkey skeletons (D:5)
  A shadow imp (D:6)
  3 oozes
  A worm (D:3)
  5 leopard geckos
  29 orcs
  14 bats
  8 giant cockroaches
  5 goblins
  5 hobgoblins
  3 jackals (D:3)
  4 quokkas
  4 ball pythons
  5 frilled lizards
  16 kobolds
  2 leopard gecko skeletons
  A quokka skeleton (D:6)
  5 rats
175 creatures vanquished.

Vanquished Creatures (others)
  A two-headed ogre (D:6)
1 creature vanquished.

Grand Total: 176 creatures vanquished

Notes
Turn   | Place    | Note
-------+----------+-------------------------------------------
     0 | Abyss:1  | Gargoyl the Centaur Abyssal Knight began the quest for the Orb.
     0 | Abyss:1  | Reached XP level 1. HP: 19/19 MP: 2/2
   146 | Abyss:1  | Noticed an apocalypse crab
   252 | Abyss:1  | Noticed a spiny frog skeleton
   262 | Abyss:1  | Noticed a glowing orange brain
   281 | Abyss:2  | Found a corrupted altar of Lugonu.
   282 | Abyss:2  | Noticed a bone dragon
   305 | D:1      | Escaped the Abyss
   366 | D:1      | Reached skill level 2 in Axes
   372 | D:1      | Reached XP level 2. HP: 13/26 MP: 3/3
   799 | D:1      | Reached * piety under Lugonu
  1036 | D:2      | Reached XP level 3. HP: 31/31 MP: 4/4
  1120 | D:2      | Found a shimmering altar of Xom.
  1447 | D:2      | Reached XP level 4. HP: 25/38 MP: 5/5
  1733 | D:2      | Found a sacrificial altar of Ru.
  1752 | D:2      | Reached skill level 3 in Axes
  1852 | D:3      | Reached ** piety under Lugonu
  1922 | D:3      | Reached XP level 5. HP: 39/45 MP: 6/6
  2119 | D:3      | Noticed Sigmund
  2137 | D:3      | Killed Sigmund
  2137 | D:3      | Reached XP level 6. HP: 38/52 MP: 8/8
  2569 | D:4      | Reached skill level 4 in Axes
  2817 | D:4      | Noticed Blork the orc
  2830 | D:4      | Killed Blork the orc
  2830 | D:4      | Reached skill level 1 in Dodging
  3112 | D:4      | Reached XP level 7. HP: 37/58 MP: 9/9
  3489 | D:4      | Gained mutation: You are frail. (-10% HP) [potion of mutation]
  3489 | D:4      | Lost mutation: You are frail. (-10% HP) [potion of mutation]
  3489 | D:4      | Gained mutation: You have a pair of small antennae on your head. [potion of mutation]
  4112 | D:4      | Reached skill level 5 in Axes
  4129 | D:4      | Found a blossoming altar of Fedhas.
  4133 | D:4      | Found an ancient bone altar of Kikubaaqudgha.
  4242 | D:5      | Entered Level 5 of the Dungeon
  4312 | D:5      | Noticed Kejsarherre's ghost (novice FoHu)
  4570 | D:5      | Reached *** piety under Lugonu
  4667 | D:5      | Reached XP level 8. HP: 43/66 MP: 11/11
  5311 | D:6      | Reached skill level 5 in Armour
  5627 | D:6      | Found a glowing drain.
  5634 | D:6      | Reached skill level 6 in Axes
  5642 | Sewer    | Entered a sewer
  5674 | Sewer    | Reached skill level 5 in Invocations
  5847 | Sewer    | Reached **** piety under Lugonu
  5983 | D:6      | Found a staircase to the Ecumenical Temple.
  6064 | D:6      | Noticed a two-headed ogre
  6093 | D:6      | Banished a two-headed ogre
  6093 | D:6      | Reached XP level 9. HP: 9/72 MP: 11/13
  6629 | D:6      | Reached skill level 7 in Axes
  7229 | D:7      | Found an ancient bone altar of Kikubaaqudgha.
  7264 | D:7      | Found Aqirghen's Weapon Shop.
  7306 | D:7      | Reached skill level 5 in Fighting
  7662 | D:7      | Found a radiant altar of Vehumet.
  7666 | D:7      | Found a snail-covered altar of Cheibriados.
  7671 | D:7      | Found a white marble altar of Elyvilon.
  7972 | D:8      | Noticed a two-headed ogre
  8027 | D:8      | Mangled by a two-headed ogre

Skill      XL: |  1  2  3  4  5  6  7  8  9 |
---------------+----------------------------+-----
Axes           | 2 3 4 5 6 7 |  7.6
Armour         | 2 3 4 5 6 |  6.4
Invocations    | 3 4 5 6 |  6.1
Dodging        | 1 2 |  2.0
Fighting       | 4 5 |  5.1

Action                   |  1- 3 |  4- 6 |  7- 9 || total
-------------------------+-------+-------+-------++-------
Melee: Hand axe          |    72 |   115 |       ||   187
       Kick              |    14 |    34 |    79 ||   127
       Broad axe         |       |    11 |   303 ||   314
Invok: Depart the Abyss  |     1 |       |       ||     1
       Banish            |       |       |     1 ||     1
  Use: Scroll            |    10 |     2 |    10 ||    22
       Potion            |       |       |     2 ||     2
 Stab: Paralysed         |       |     1 |       ||     1
  Eat: Ration            |       |     1 |     7 ||     8
       Chunk             |       |     2 |     4 ||     6
Armor: Chain mail        |    90 |   134 |   322 ||   546
       Leather armour    |     3 |       |       ||     3
Dodge: Dodged            |    28 |    38 |    96 ||   162
Block: Other             |       |       |     7 ||     7
